Map: Tokamak LE

Players

ManlyManMeat - Winner!

  • Race: Zerg Zerg
  • League: Diamond
  • Spawn Location: 7:00

LemonHaze

  • Race: Terran Terran
  • Spawn Location: 1:00

VOD

Have the link to the VOD?

Description

Time

  • Played on: July 13, 2025, 12:19 p.m.
  • Length: 11:23
Show
View Real Time Build Order
Export as new Build Order

ManlyManMeat Zerg - Winner!

Build Orders: Hatch First 

Get SALT Encoding   

  12  0:00  Drone  
  13  0:07  Drone  
  13  0:12  Extractor  
  13  0:14  Drone  
  15  0:23  Overlord  
  15  0:42  Drone  
  16  0:47  Drone  
  17  0:51  Hatchery  
  17  0:55  Drone  
  17  0:58  Drone  
  18  1:13  Spawning Pool  
  18  1:17  Drone  
  18  1:18  Extractor  
  18  1:21  Drone  
  18  1:27  Drone  
  19  1:39  Drone  
  20  2:04  Zergling x4, Queen  
  20  2:05  Queen  
  20  2:06  Overlord  
  26  2:17  Metabolic Boost  
  26  2:19  Zergling x2  
  26  2:20  Zergling x2  
  28  2:27  Extractor  
  27  2:32  Extractor  
  27  2:36  Drone x3  
  28  2:47  Overlord  
  28  2:56  Drone  
  29  3:02  Queen  
  31  3:13  Zergling x4  
  31  3:14  Zergling x2  
  32  3:20  Zergling x2  
  32  3:21  Zergling x6  
  32  3:24  Zergling x4  
  37  3:29  Zergling x4  
  39  3:36  Spine Crawler  
  37  4:04  Hatchery  
  37  4:08  Drone x3  
  37  4:09  Drone, Overlord x3  
  40  4:15  Drone x2  
  42  4:29  Lair  
  42  4:50  Drone  
  42  4:51  Drone x2, Roach Warren  
  42  4:52  Drone x5  
  49  5:02  Queen  
  51  5:08  Drone  
  51  5:10  Drone  
  53  5:19  Drone x2  
  53  5:20  Baneling Nest  
  54  5:32  Roach x3  
  54  5:35  Drone x4  
  63  5:50  Roach x3  
  63  5:51  Roach  
  70  5:59  Overlord x3, Roach  
  72  6:07  Drone x2, Extractor  
  73  6:24  Overseer  
  73  6:29  Roach x4  
  81  6:33  Drone x3  
  81  6:36  Drone x2  
  81  6:37  Drone x7, Overlord x2  
  81  6:38  Overlord  
  93  6:42  Roach  
  93  6:47  Queen  
  97  6:59  Spore Crawler  
  97  7:00  Spore Crawler x2  
  94  7:02  Spire  
  94  7:03  Spore Crawler  
  94  7:04  Spore Crawler  
  94  7:06  Spore Crawler  
  90  7:16  Queen  
  92  7:26  Spore Crawler  
  92  7:27  Spore Crawler  
  92  7:28  Spore Crawler  
  89  8:12  Drone x7  
  89  8:13  Drone x2  
  91  8:26  Corruptor x10  
  111  8:43  Roach  
  113  8:54  Hatchery, Infestation Pit  
  111  9:02  Zergling x6  
  114  9:03  Glial Reconstitution  
  114  9:07  Zerg Flyer Armor Level 1  
  113  9:18  Overlord x3  
  113  9:21  Drone  
  113  9:23  Hatchery  
  113  9:31  Drone  
  113  9:32  Overlord x2  
  107  9:52  Roach x3  
  104  10:23  Roach x4  
  104  10:24  Roach x3  
Show
View Real Time Build Order
Export as new Build Order

LemonHaze Terran 

Build Orders: Mech 

Get SALT Encoding   

  12  0:00  SCV  
  13  0:12  SCV  
  14  0:18  Supply Depot  
  14  0:24  SCV  
  15  0:40  SCV  
  15  0:41  Barracks  
  16  0:44  Refinery  
  16  0:52  SCV  
  17  1:01  Barracks  
  17  1:04  SCV  
  18  1:16  SCV  
  19  1:28  Reaper  
  19  1:29  Orbital Command  
  20  1:35  Supply Depot  
  20  1:47  Reaper  
  21  1:54  SCV  
  22  2:04  Reaper  
  22  2:06  SCV  
  24  2:15  Command Center  
  24  2:18  SCV  
  25  2:48  Command Center, Marine  
  26  2:55  SCV  
  26  2:56  Factory  
  27  3:07  SCV  
  28  3:19  SCV  
  29  3:31  SCV  
  29  3:33  Marine  
  31  3:37  Refinery, Orbital Command, Barracks Reactor  
  31  3:43  Refinery  
  31  3:47  Refinery  
  31  3:48  Hellion  
  33  3:55  Bunker  
  30  3:58  Marine  
  31  4:03  Armory  
  31  4:06  Orbital Command  
  31  4:10  SCV  
  31  4:11  SCV  
  33  4:20  Starport  
  33  4:28  Hellion x2  
  33  4:29  SCV x2  
  39  4:33  SCV  
  40  4:41  Factory  
  40  4:45  SCV  
  41  4:50  SCV x2  
  43  4:53  Terran Vehicle And Ship Armor Level 1  
  43  4:55  Armory  
  43  4:57  SCV  
  44  5:00  Viking  
  44  5:03  SCV x2  
  48  5:07  Hellion  
  50  5:17  Supply Depot  
  50  5:22  Fusion Core, SCV x3  
  50  5:25  Factory Tech Lab  
  55  5:28  Hellion  
  55  5:44  Supply Depot  
  55  5:48  Hellion  
  55  5:49  Infernal Pre-Igniter  
  59  5:50  Hellion  
  59  5:51  Factory  
  59  5:52  Siege Tank  
  62  6:01  Starport Tech Lab  
  62  6:06  Terran Vehicle Weapons Level 1  
  62  6:09  Hellion  
  64  6:25  Siege Tank  
  67  6:30  Widow Mine  
  67  6:31  Hellion  
  71  6:33  SCV x3  
  71  6:37  Factory Tech Lab  
  71  6:38  Command Center  
  74  6:41  Factory  
  74  6:45  SCV  
  75  6:47  SCV x2  
  75  6:50  Supply Depot x2  
  77  7:00  Mag-Field Accelerator  
  77  7:04  Supply Depot  
  77  7:05  Hellion x2, SCV  
  77  7:07  Supply Depot  
  77  7:08  Drilling Claws  
  82  7:15  Cyclone  
  85  7:17  Cyclone  
  88  7:27  Hellion  
  90  7:37  Factory Tech Lab  
  90  7:41  Factory, SCV x2  
  92  7:46  Orbital Command  
  92  7:53  Cyclone x2, SCV x2  
  92  7:54  Hellion x2  
  92  7:58  Refinery x2  
  104  8:01  Supply Depot, Engineering Bay  
  104  8:04  Supply Depot  
  104  8:05  SCV x2  
  100  8:14  Cyclone  
  100  8:15  Hellion  
  100  8:16  Hellion  
  100  8:19  SCV x3  
  108  8:23  Supply Depot  
  108  8:25  Cyclone, Supply Depot  
  108  8:26  Factory Tech Lab  
  111  8:28  Cyclone  
  111  8:31  SCV x2  
  116  8:37  Hellion  
  117  8:44  Neosteel Armor  
  117  8:45  SCV  
  118  8:51  Widow Mine x2  
  118  8:52  Widow Mine  
  118  8:53  Orbital Command  
  124  8:57  Widow Mine  
  124  8:58  Hellion  
  124  9:01  Hellion  
  130  9:13  Hellion  
  132  9:17  Widow Mine  
  132  9:18  Widow Mine  
  132  9:19  Hellion  
  132  9:22  Cyclone  
  141  9:24  Starport  
  141  9:26  Widow Mine  
  143  9:34  Hellion  
  145  9:38  Cyclone  
  145  9:39  Hellion, Command Center  
  145  9:40  Hellion  
  150  9:48  Hellion  
  146  9:54  Hellion  
  146  9:55  Widow Mine  
  146  10:00  Widow Mine  
  146  10:01  Hellion  
  148  10:09  Widow Mine  
  148  10:11  Cyclone  
  147  10:15  Cyclone  
  147  10:17  Starport Reactor  
  147  10:20  Widow Mine  
  147  10:25  Cyclone  
  147  10:27  Hellion  
  147  10:31  Hellion  
  147  10:41  Widow Mine  
  147  10:43  Hellion  
  147  10:48  Widow Mine  
Tags
 
Composition
Mech
League
Diamond
Matchup
TvZ
Replay Pack
Myownreplay2
Spawn Locations
Cross Positions
Add a new tag
Caveats
  • Supply blocks, unpowered buildings, or Contaminate may cause inaccurate times.
  • Supply counts are checked every 10 seconds.